[Event "German Masters Frauen 2019"]
[Site "Magdeburg"]
[Date "2019.06.01"]
[Round "7.1"]
[White "Heinemann, Josefine"]
[Black "Osmanodja, Filiz"]
[Result "1/2-1/2"]
[ECO "B90"]
[WhiteElo "2227"]
[BlackElo "2260"]
[Annotator "ChessBase"]
[PlyCount "90"]
[EventDate "2019.05.26"]
[EventType "tourn"]
[EventCountry "GER"]
[SourceTitle "playchess.com"]
[Source "ChessBase"]
[SourceQuality "1"]
[TimeControl "40/5400+30:1800+30"]

1. e4 c5 2. Nf3 d6 3. d4 Nf6 4. Nc3 cxd4 5. Nxd4 a6 6. f3 e5 7. Nb3 Be6 8. Be3 Be7 9. Qd2 O-O 10. O-O-O Nbd7 11. g4 b5 12. g5 b4 13. gxf6 bxc3 14. Qxc3 Nxf6 15. Na5 Qd7 16. Nc6 Rfc8 17. Nxe7+ Qxe7 18. Qa5 Rab8 19. Rg1 Kh8 20. b3 Ne8 21. Kb2 f5 22. Bg5 Qf7 23. Bh3 fxe4 24. Bxe6 Qxe6 25. fxe4 Qc4 26. Qd2 Qxe4 27. Rgf1 Nc7 28. Qxd6 Nb5 29. Qd3 Qb4 30. Bd2 Qa3+ 31. Ka1 Rd8 32. Qc4 Rd4 33. Qc6 Rd6 34. Qc4 Rd4 35. Qc6 Rd6 36. Qc4 Nd4 37. Bc1 Qa5 38. Kb1 Rc6 39. Qf7 Rg8 40. c4 Qc3 41. Qf2 Rf6 42. Qd2 Qh3 43. Rxf6 gxf6 44. Qf2 Nf3 45. Bb2 Qf5+ 1/2-1/2

[Event "German Masters Frauen 2019"]
[Site "Magdeburg"]
[Date "2019.06.01"]
[Round "7.2"]
[White "Klek, Hanna Marie"]
[Black "Kachiani-Gersinska, Ketino"]
[Result "1/2-1/2"]
[ECO "C44"]
[WhiteElo "2325"]
[BlackElo "2305"]
[Annotator "ChessBase"]
[PlyCount "40"]
[EventDate "2019.05.26"]
[EventType "tourn"]
[EventCountry "GER"]
[SourceTitle "playchess.com"]
[Source "ChessBase"]
[SourceQuality "1"]
[TimeControl "40/5400+30:1800+30"]

1. e4 e5 2. Nf3 Nc6 3. d4 exd4 4. Nxd4 Nf6 5. Nc3 Bb4 6. Nxc6 bxc6 7. Bd3 d5 8. exd5 cxd5 9. O-O O-O 10. h3 c6 11. Qf3 Bd6 12. Re1 Rb8 13. Rb1 Be6 14. Ne2 c5 15. c3 d4 16. c4 Bc8 17. Bg5 Bb7 18. Qf5 Bc8 19. Qf3 Bb7 20. Qf5 Bc8 1/2-1/2

[Event "German Masters Frauen 2019"]
[Site "Magdeburg"]
[Date "2019.06.01"]
[Round "7.3"]
[White "Lubbe, Melanie"]
[Black "Muetsch, Annmarie"]
[Result "0-1"]
[ECO "B47"]
[WhiteElo "2278"]
[BlackElo "2266"]
[Annotator "ChessBase"]
[PlyCount "72"]
[EventDate "2019.05.26"]
[EventType "tourn"]
[EventCountry "GER"]
[SourceTitle "playchess.com"]
[Source "ChessBase"]
[SourceQuality "1"]
[TimeControl "40/5400+30:1800+30"]

1. e4 c5 2. Nf3 e6 3. d4 cxd4 4. Nxd4 Nc6 5. Nc3 Qc7 6. f4 a6 7. Nxc6 Qxc6 8. Bd3 b5 9. Qe2 Bb7 10. Bd2 Bc5 11. O-O-O Ne7 12. a3 O-O 13. Qh5 f6 14. g4 Rf7 15. Rhe1 b4 16. axb4 Bxb4 17. Qh3 Qb6 18. e5 f5 19. gxf5 Nxf5 20. Ne4 Bxe4 21. Rxe4 Bxd2+ 22. Rxd2 Qa5 23. c3 Qa1+ 24. Bb1 a5 25. Qf3 a4 26. Rb4 Rff8 27. Rxd7 a3 28. bxa3 Rfc8 29. Kd2 Rxa3 30. Bxf5 Raxc3 31. Bxh7+ Kh8 32. Qd1 Qa2+ 33. Ke1 Qxh2 34. Bb1 Qg1+ 35. Ke2 Qg2+ 36. Ke1 Re3+ 0-1

[Event "German Masters Frauen 2019"]
[Site "Magdeburg"]
[Date "2019.06.01"]
[Round "7.4"]
[White "Sieber, Fiona"]
[Black "Hoolt, Sarah"]
[Result "1-0"]
[ECO "C07"]
[WhiteElo "2250"]
[BlackElo "2321"]
[Annotator "ChessBase"]
[PlyCount "109"]
[EventDate "2019.05.26"]
[EventType "tourn"]
[EventCountry "GER"]
[SourceTitle "playchess.com"]
[Source "ChessBase"]
[SourceQuality "1"]
[TimeControl "40/5400+30:1800+30"]

1. e4 e6 2. d4 d5 3. Nd2 c5 4. Ngf3 cxd4 5. Nxd4 Nc6 6. Bb5 Bd7 7. Nxc6 bxc6 8. Bd3 Qc7 9. Qe2 Ne7 10. Nf3 Ng6 11. e5 Be7 12. O-O c5 13. b3 Bc6 14. Re1 Rb8 15. Bd2 O-O 16. h4 c4 17. Bxg6 fxg6 18. bxc4 Bc5 19. Be3 Bxe3 20. Qxe3 dxc4 21. Nd4 Bd5 22. Rab1 Qa5 23. a3 Rb6 24. Rxb6 Qxb6 25. Rd1 Qb2 26. Qh3 Qb6 27. h5 gxh5 28. Qxh5 Qb8 29. Qg5 h6 30. Qg3 Qe8 31. Rb1 Qh5 32. f4 Kh7 33. Rf1 Qg6 34. Qxg6+ Kxg6 35. g4 Kf7 36. f5 Ke7 37. Kf2 h5 38. gxh5 exf5 39. Ke3 Be4 40. Rg1 Kf7 41. e6+ Kg8 42. h6 g6 43. Rxg6+ Kh7 44. e7 Re8 45. Re6 c3 46. Nb5 Bd5 47. Re5 Bc6 48. Nd6 Rb8 49. e8=Q Bxe8 50. Rxe8 Rb2 51. Kd3 Kxh6 52. Kxc3 Rb6 53. Nxf5+ Kg6 54. Nd4 Kf7 55. Re5 1-0